 Dungeon Crawl Stone Soup version 0.20.1-1-g8b1a95d (console) character file.

403 hilaritas the Insei (level 6, 0/46 HPs)
             Began as a Demigod Transmuter on Feb 11, 2018.
             Succumbed to an orc priest's poison
             ... on level 4 of the Dungeon.
             The game lasted 00:10:00 (5336 turns).

hilaritas the Insei (Demigod Transmuter)            Turns: 5336, Time: 00:10:01

Health: 0/46       AC:  2    Str: 13    XL:     6   Next: 29%
Magic:  20/20      EV: 12    Int: 21    God:
Gold:   180        SH:  0    Dex: 16    Spells: 4/8 levels left

rFire    . . .     SeeInvis .     - Unarmed
rCold    . . .     Gourm    .   (no shield)
rNeg     . . .     Faith    .   b - +0 robe
rPois    .         Spirit   .   (no helmet)
rElec    .         Reflect  .   (no cloak)
rCorr    .         Harm     .   (no gloves)
MR       .....                  (no boots)
Stlth    +.........             (no amulet)
Regen    0.2/turn               h - ring of wizardry
MPRegen  0.2/turn               i - ring of magical power

@: lethally poisoned (0 -> -10), appendage (expiring)
A: horns 2, high mp 1
a: End Transformation


You were on level 4 of the Dungeon.
You were not hungry.
You had grown temporary horns.
You visited 1 branch of the dungeon, and saw 4 of its levels.

You collected 180 gold pieces.

Inventory:

Missiles
 a - 35 arrows
Armour
 b - a +0 robe (worn)
Jewellery
 f - an uncursed ring of poison resistance
 h - a ring of wizardry (left hand)
 i - a ring of magical power (right hand)
 n - an uncursed ring of stealth
Wands
 r - a wand of confusion (36/48)
Scrolls
 e - a scroll of recharging
 j - a scroll of enchant weapon
 k - a scroll of magic mapping
 o - 2 scrolls of amnesia
 q - 2 scrolls of teleportation
Potions
 m - a potion of haste
 p - 2 potions of agility
Books
 c - a book of Changes

   Spells                             Type                      Level
   a - Beastly Appendage              Transmutation                1
   b - Sticks to Snakes               Transmutation                2
   c - Spider Form                    Transmutation/Poison         3
   d - Ice Form                       Ice/Transmutation            4
   e - Blade Hands                    Transmutation                5
Comestibles
 d - 2 bread rations
 g - 2 meat rations
 l - 3 fruits
 s - a chunk of flesh


   Skills:
 - Level 0.8 Fighting
 - Level 1.7 Dodging
 * Level 6.1 Unarmed Combat
 - Level 1.7 Spellcasting
 - Level 3.1 Transmutations
 - Level 1.0 Poison Magic


You had 4 spell levels left.
You knew the following spells:

 Your Spells              Type           Power        Failure   Level  Hunger
a - Beastly Appendage     Tmut           ###...       1%          1    #......
b - Spider Form           Tmut/Pois      ##........   8%          3    ###....


Dungeon Overview and Level Annotations

Branches:
Dungeon (4/15)
 Temple: D:4-7

Shops:
D:4 (


Innate Abilities, Weirdness & Mutations

You have an increased reservoir of magic. (+10% MP)
You have a pair of horns on your head.


Message History

The adder is heavily wounded.
You feel sick. The adder bites you.
* * * LOW HITPOINT WARNING * * *
The adder misses you.
You miss the adder.
The adder is heavily wounded.
* * * LOW HITPOINT WARNING * * *
You feel sick. The adder bites you.
* * * LOW HITPOINT WARNING * * *
Okay, then.
You hit the adder.
You kill the adder!
* * * LOW HITPOINT WARNING * * *
You feel sick.
Your transformation is almost over.
* * * LOW HITPOINT WARNING * * *
You feel sick.
You see here an adder corpse.
There is a lethal amount of poison in your body!
You die...

.............#
............#
###.........
#............##. ..
#........#...... ...
#........#......
...#+#####........#......
.............#'##.#......
.............#.##.#......
..........∩..#.##.#......
.#+#.†@.##.#..#†#......
#....##.##.#....####
#.)..##.##......####
#....##.............
#....#####..........
#...................
............>.......
.....................
.....####.........###
#.........# # #.........#
#


There were no monsters in sight!

Vanquished Creatures
  The ghost of hilaritas the Chopper, an amateur HOBe of Trog (D:3)
  An orc priest (D:4)
  An orc wizard (D:3)
  A worker ant (D:3)
  8 adders
  2 oozes
  3 worms
  4 dart slugs (D:1)
  5 orcs (D:3)
  3 ball pythons
  4 giant cockroaches
  7 goblins
  10 hobgoblins
  6 jackals
  A quokka (D:2)
  8 bats
  6 frilled lizards
  8 kobolds
  13 rats
92 creatures vanquished.

Notes
Turn   | Place    | Note
-------+----------+-------------------------------------------
     0 | D:1      | hilaritas the Demigod Transmuter began the quest for the Orb.
     0 | D:1      | Reached XP level 1. HP: 15/15 MP: 5/5
   115 | D:1      | Reached skill level 3 in Unarmed Combat
   638 | D:1      | Reached XP level 2. HP: 22/22 MP: 7/7
  1217 | D:1      | HP: 2/22 [hobgoblin (1)]
  1767 | D:1      | Reached XP level 3. HP: 25/27 MP: 8/8
  1814 | D:1      | Reached skill level 4 in Unarmed Combat
  1824 | D:1      | Learned a level 3 spell: Spider Form
  2677 | D:2      | Reached XP level 4. HP: 18/34 MP: 9/9
  3114 | D:2      | Found an opulent altar of Gozag.
  3459 | D:2      | Reached skill level 1 in Poison Magic
  3923 | D:3      | Noticed hilaritas's ghost (amateur HOBe)
  3939 | D:3      | Killed hilaritas's ghost
  3939 | D:3      | Reached skill level 5 in Unarmed Combat
  3939 | D:3      | Reached XP level 5. HP: 15/39 MP: 10/10
  4549 | D:3      | Reached XP level 6. HP: 38/46 MP: 11/11
  5317 | D:4      | Found Tyruw's Antique Weapon Emporium.
  5331 | D:4      | Reached skill level 6 in Unarmed Combat
  5333 | D:4      | HP: 4/46 [adder (5)]
  5335 | D:4      | HP: 1/46 [poisoned by an orc priest]
  5336 | D:4      | Succumbed to an orc priest's poison

Skill      XL: |  1  2  3  4  5  6 |
---------------+-------------------+-----
Unarmed Combat | 3 4 5 6 |  6.1
Transmutations | 2 3 |  3.1
Poison Magic   | 1 |  1.0
Fighting       | |  0.8
Dodging        | |  1.7
Spellcasting   | |  1.7

Action                   |  1- 3 |  4- 6 || total
-------------------------+-------+-------++-------
Melee: Unarmed           |   158 |   131 ||   289
       Kick              |    18 |    21 ||    39
       Headbutt          |     6 |     8 ||    14
       Punch             |     2 |     4 ||     6
 Cast: Beastly Appendage |    20 |    21 ||    41
  Use: Scroll            |     7 |     2 ||     9
       Potion            |       |     1 ||     1
 Stab: Sleeping          |     4 |     2 ||     6
  Eat: Chunk             |     5 |     9 ||    14
       Fruit             |     1 |       ||     1
Armor: Robe              |    24 |    16 ||    40
       Skin              |       |     9 ||     9
Dodge: Dodged            |    82 |    69 ||   151
